Map: [ESL] Alcyone

Players

Kelazhur - Winner!

  • Race: Terran Terran
  • Spawn Location: 1:00

Cham

  • Race: Zerg Zerg
  • Spawn Location: 7:00

Event: ESL SC2 Masters 2023 Winter (Regional)

VOD

Have the link to the VOD?

Description

Time

  • Played on: Nov. 18, 2023, 12:49 p.m.
  • Length: 10:23

All games in this series

Show
View Real Time Build Order
Export as new Build Order

Kelazhur Terran - Winner!

Build Orders: Reaper Expand 

Get SALT Encoding   

  12  0:00  SCV  
  13  0:12  SCV  
  14  0:17  Supply Depot  
  14  0:24  SCV  
  15  0:38  SCV  
  15  0:39  Barracks  
  16  0:43  Refinery  
  16  0:50  SCV  
  17  1:03  SCV  
  18  1:15  SCV  
  19  1:27  Orbital Command, Reaper  
  20  1:37  Command Center  
  20  1:45  Refinery  
  20  1:52  SCV  
  20  1:54  Supply Depot  
  21  1:59  Reaper  
  22  2:05  SCV  
  23  2:17  SCV  
  24  2:26  Factory  
  24  2:29  SCV  
  25  2:31  Barracks Reactor  
  25  2:41  SCV  
  26  2:51  Orbital Command  
  26  2:53  SCV  
  26  2:56  Bunker  
  26  3:05  SCV  
  27  3:08  Marine x2  
  27  3:09  Cyclone  
  27  3:10  Starport  
  31  3:17  SCV  
  31  3:18  SCV  
  33  3:22  Bunker  
  33  3:25  Marine  
  34  3:27  Marine  
  34  3:29  SCV  
  34  3:30  SCV  
  36  3:41  Cyclone, SCV  
  36  3:42  SCV  
  36  3:43  Marine  
  36  3:45  Marine  
  38  3:53  SCV  
  38  3:54  SCV  
  36  4:01  Marine  
  34  4:02  Marine  
  34  4:06  SCV x2  
  35  4:11  Liberator  
  35  4:14  Fusion Core  
  38  4:18  SCV x2  
  38  4:23  Command Center  
  40  4:30  SCV  
  41  4:31  SCV  
  41  4:35  Supply Depot  
  42  4:39  Hellion  
  42  4:41  Hellion  
  46  4:54  Starport Tech Lab  
  46  4:56  SCV x2  
  48  5:04  Hellion x2  
  51  5:08  SCV x2  
  51  5:20  SCV x2  
  53  5:28  Supply Depot  
  53  5:29  Refinery  
  53  5:32  SCV  
  53  5:34  Hellion x2, Battlecruiser, SCV  
  61  5:44  SCV  
  61  5:46  SCV  
  59  5:56  Hellion x2  
  59  5:57  SCV, Refinery  
  62  5:58  SCV  
  62  6:03  Orbital Command  
  58  6:06  Weapon Refit  
  58  6:08  Factory x2  
  58  6:09  SCV  
  59  6:13  SCV  
  60  6:19  Hellion x2, Engineering Bay  
  60  6:24  Supply Depot, SCV  
  60  6:25  Barracks Tech Lab  
  65  6:31  Engineering Bay  
  63  6:39  Battlecruiser  
  69  6:43  SCV x2  
  69  6:45  Cyclone x2  
  75  6:51  SCV  
  76  6:56  SCV  
  76  7:00  Orbital Command, Supply Depot  
  77  7:02  Supply Depot  
  77  7:05  Factory Tech Lab  
  77  7:11  Supply Depot  
  77  7:13  Supply Depot  
  77  7:22  SCV x2  
  78  7:30  Cyclone x2  
  78  7:31  SCV  
  78  7:34  SCV  
  79  7:37  Missile Turret  
  79  7:40  Cyclone x2  
  79  7:43  SCV x2  
  78  7:45  Battlecruiser  
  83  7:51  SCV  
  83  7:55  SCV  
  83  7:56  Missile Turret, Hurricane Engines  
  84  8:01  Factory  
  84  8:02  Missile Turret  
  84  8:04  SCV  
  85  8:06  Cyclone x2  
  85  8:12  SCV x2  
  91  8:16  SCV  
  91  8:18  Siege Tank, Supply Depot, Refinery x2  
  95  8:27  SCV x2  
  95  8:28  SCV  
  95  8:30  Siege Tank  
  95  8:31  Supply Depot  
  101  8:39  SCV  
  102  8:44  SCV  
  102  8:45  Hellion x2  
  102  8:46  Command Center, Factory Tech Lab, Supply Depot  
  107  8:48  Factory  
  107  8:56  Armory, SCV x3  
  107  9:02  Supply Depot  
  110  9:06  Missile Turret  
  110  9:07  Siege Tank x2  
  110  9:08  Hellion x2  
  120  9:13  SCV, Supply Depot  
  120  9:15  Siege Tank  
  124  9:20  SCV  
  125  9:29  Cyclone x2  
  129  9:34  SCV  
  128  9:41  Siege Tank  
  129  9:48  Siege Tank x2  
  129  9:50  Factory Reactor, SCV x3  
  136  9:57  Missile Turret  
  136  10:03  SCV  
Show
View Real Time Build Order
Export as new Build Order

Cham Zerg 

Build Orders: Pool First 

Get SALT Encoding   

  12  0:00  Drone  
  13  0:12  Overlord  
  13  0:17  Drone  
  14  0:30  Drone x2  
  16  0:40  Spawning Pool  
  15  0:45  Drone  
  15  0:48  Drone  
  17  1:10  Hatchery  
  16  1:13  Overlord  
  16  1:17  Extractor  
  15  1:22  Drone  
  16  1:27  Zergling x2  
  16  1:31  Queen  
  19  1:43  Roach Warren  
  18  1:51  Overlord  
  18  1:58  Drone  
  19  2:17  Queen  
  21  2:28  Roach x3  
  26  2:33  Roach  
  28  2:38  Roach  
  30  2:45  Roach  
  32  2:59  Overlord  
  32  3:01  Drone x2  
  34  3:05  Ravager  
  34  3:06  Drone  
  34  3:11  Drone  
  37  3:15  Drone  
  37  3:19  Drone  
  39  3:21  Drone  
  39  3:24  Drone  
  41  3:28  Drone  
  41  3:34  Drone x2  
  44  3:39  Drone  
  45  3:46  Drone  
  44  3:51  Drone x2  
  44  3:53  Drone x2  
  48  3:59  Drone  
  48  4:00  Lair  
  46  4:06  Drone  
  46  4:08  Drone x2  
  46  4:09  Drone  
  42  4:13  Extractor, Queen  
  43  4:18  Extractor x2, Roach  
  43  4:24  Overlord  
  43  4:29  Drone  
  44  4:45  Metabolic Boost  
  44  4:46  Drone x4, Roach x2  
  44  4:48  Overlord x2  
  52  5:07  Roach  
  52  5:08  Roach  
  52  5:11  Drone  
  52  5:12  Spire  
  52  5:16  Roach  
  52  5:17  Roach  
  52  5:18  Zergling x4  
  60  5:22  Spore Crawler  
  53  5:30  Zergling x10  
  52  5:46  Drone, Roach  
  51  5:55  Queen x2  
  52  5:58  Drone x2  
  52  6:02  Drone x2  
  57  6:04  Drone  
  57  6:07  Drone  
  57  6:08  Drone  
  59  6:25  Mutalisk  
  59  6:26  Mutalisk  
  65  6:36  Mutalisk  
  67  6:43  Overlord, Hatchery  
  66  6:51  Corruptor x2  
  66  6:56  Zerg Flyer Weapons Level 1  
  66  6:58  Corruptor  
  68  7:01  Corruptor  
  68  7:03  Glial Reconstitution  
  70  7:08  Corruptor  
  70  7:11  Corruptor  
  70  7:14  Drone  
  72  7:26  Drone x4  
  72  7:27  Drone x2  
  65  7:35  Drone  
  64  7:38  Drone  
  61  7:48  Drone x2  
  61  7:49  Drone x2  
  61  7:50  Drone  
  64  7:54  Drone x2  
  64  7:55  Drone  
  64  7:56  Drone  
  64  8:02  Drone, Queen  
  67  8:06  Drone x2  
  69  8:13  Drone  
  69  8:18  Drone  
  69  8:19  Drone  
  72  8:21  Queen  
  72  8:23  Roach x2  
  72  8:25  Overlord  
  78  8:29  Corruptor  
  80  8:37  Overlord x2  
  80  8:48  Corruptor x2  
  80  8:51  Corruptor  
  90  8:55  Roach  
  90  8:58  Overlord  
  90  9:01  Roach  
  90  9:02  Roach  
  94  9:06  Roach  
  94  9:07  Roach  
  96  9:10  Overlord  
  96  9:14  Roach x4  
  104  9:17  Roach x2  
  104  9:18  Roach  
  104  9:20  Overlord  
  110  9:25  Ravager x3  
  110  9:31  Ravager x2  
  115  9:35  Roach x4  
  114  9:41  Roach x2  
  114  9:42  Roach x2  
  114  9:43  Ravager  
  109  9:49  Roach x3  
  109  9:50  Zergling x4  
  117  10:01  Zergling x8  
Tags
 
Add a new tag
Caveats
  • Supply blocks, unpowered buildings, or Contaminate may cause inaccurate times.
  • Supply counts are checked every 10 seconds.